Map: Traitor's Exile

Players

XogGyux

  • Race: Protoss Protoss
  • Spawn Location: 5:00

Uxoriano

  • Race: Zerg Zerg
  • Spawn Location: 6:00

Vacuumdog - Winner!

  • Race: Zerg Zerg
  • Spawn Location: 9:00

PureLegacy - Winner!

  • Race: Terran Terran
  • League: Master
  • Spawn Location: 12:00

VOD

Have the link to the VOD?

Description

Time

  • Played on: Dec. 2, 2018, 4:54 p.m.
  • Length: 4:50
Show
View Real Time Build Order
Export as new Build Order

XogGyux Protoss 

Build Orders:  

Get SALT Encoding   

  12  0:02  Probe  
  13  0:14  Probe  
  14  0:27  Probe  
  15  0:29  Pylon  
  15  0:31  Assimilator  
  15  0:47  Probe  
  16  0:52  Gateway  
  16  0:59  Probe  
  17  1:08  Pylon  
  17  1:11  Probe  
  18  1:21  Gateway  
  18  1:23  Probe  
  19  1:35  Probe  
  20  1:44  Cybernetics Core  
  20  1:47  Assimilator  
  20  1:56  Pylon  
  20  2:00  Probe  
  21  2:04  Gateway  
  21  2:12  Adept x2  
  23  2:43  Adept x2  
  27  2:47  Probe  
  28  2:53  Twilight Council  
  28  3:13  Adept x2  
  32  3:30  Adept  
  34  3:48  Adept x2  
Show
View Real Time Build Order
Export as new Build Order

Uxoriano Zerg 

Build Orders: Pool First 

Get SALT Encoding   

  12  0:01  Drone  
  13  0:08  Drone  
  14  0:28  Spawning Pool  
  13  0:31  Drone  
  14  0:45  Overlord  
  14  0:50  Extractor  
  14  0:51  Drone  
  14  0:55  Spawning Pool  
  14  1:04  Drone x2  
  16  1:08  Drone  
  17  1:30  Hatchery  
  16  1:35  Overlord  
  16  1:47  Queen  
  18  1:59  Metabolic Boost  
  18  2:12  Drone  
  18  2:13  Zergling x2  
  18  2:14  Zergling x2  
  21  2:29  Zergling x2  
  22  2:36  Zergling x2  
  23  2:44  Queen  
  23  2:45  Zergling x2  
  23  2:47  Zergling x2  
  27  2:56  Zergling x2  
  27  2:57  Zergling x6  
  28  3:07  Zergling x2  
  23  3:22  Zergling x2  
  23  3:23  Zergling x6  
  27  3:31  Zergling x4  
  27  3:32  Zergling x4  
  27  3:44  Zergling x4  
  29  3:59  Zergling x2  
  29  4:00  Zergling x4  
  32  4:04  Spine Crawler  
  29  4:24  Zergling x2  
  29  4:25  Zergling x12  
Show
View Real Time Build Order
Export as new Build Order

Vacuumdog Zerg - Winner!

Build Orders: Pool First 

Get SALT Encoding   

  12  0:00  Drone  
  13  0:14  Overlord  
  13  0:18  Drone  
  14  0:33  Drone x2  
  16  0:42  Spawning Pool  
  15  0:45  Extractor  
  15  0:49  Drone  
  15  0:52  Drone  
  16  0:58  Drone  
  17  1:09  Drone  
  18  1:27  Drone  
  18  1:32  Hatchery  
  18  1:36  Drone  
  19  1:42  Drone  
  20  1:53  Drone  
  21  2:00  Metabolic Boost  
  21  2:04  Overlord  
  21  2:16  Zergling x2  
  21  2:22  Queen  
  24  2:29  Overlord  
  24  2:37  Zergling x2  
  24  2:40  Extractor  
  24  2:44  Queen  
  24  2:45  Zergling x4  
  28  2:55  Zergling x2  
  28  2:56  Zergling x2  
  30  3:01  Baneling Nest  
  29  3:06  Zergling x4  
  31  3:19  Zergling x4  
  32  3:31  Zergling x10  
  36  3:47  Zergling x2  
  36  3:48  Zergling x2  
  35  3:49  Zergling x2  
  32  4:03  Zergling x4  
  32  4:04  Zergling x6  
  32  4:23  Baneling x3  
  29  4:25  Zergling x2  
  29  4:26  Zergling x10  
Show
View Real Time Build Order
Export as new Build Order

PureLegacy Terran - Winner!

Build Orders:  

Get SALT Encoding   

  12  0:00  SCV  
  13  0:13  SCV  
  14  0:18  Supply Depot  
  14  0:25  SCV  
  15  0:30  Refinery  
  15  0:39  SCV  
  16  0:46  Barracks  
  16  0:51  SCV  
  17  1:04  Barracks  
  17  1:18  Barracks  
  17  1:21  SCV  
  18  1:33  Reaper  
  19  1:40  Orbital Command  
  19  1:48  Refinery  
  19  1:52  Reaper  
  20  2:02  Supply Depot  
  20  2:06  Reaper  
  20  2:08  Reaper  
  22  2:12  SCV  
  23  2:28  SCV  
  24  2:33  Reaper  
  25  2:38  Reaper  
  25  2:39  Supply Depot  
  25  2:40  SCV  
  27  2:45  Reaper  
  28  2:53  SCV  
  29  3:06  Reaper  
  29  3:08  SCV  
  29  3:10  Reaper  
  32  3:29  Reaper  
  32  3:30  Command Center  
  32  3:32  Engineering Bay, SCV  
  34  3:40  Supply Depot, Reaper  
  35  3:43  Reaper  
  36  4:01  Reaper  
  37  4:07  Barracks  
  37  4:08  Barracks  
  37  4:12  Reaper  
  38  4:17  SCV  
  39  4:27  Supply Depot  
Tags
 
Add a new tag
Caveats
  • Supply blocks, unpowered buildings, or Contaminate may cause inaccurate times.
  • Supply counts are checked every 10 seconds.